 Dungeon Crawl Stone Soup version 0.29.1-2-gbd0b4ee654 (webtiles) character file.

Game seed: 6171638078797109674

4088 FrostSilk the Cleaver (level 10, -10/94 HPs)
             Began as a Hill Orc Fighter on Nov 19, 2022.
             Was a Priest of Beogh.
             Mangled by Erica
             ... wielding a +2 scimitar of flaming
              (11 damage)
             ... on level 8 of the Dungeon.
             The game lasted 00:26:58 (11842 turns).

FrostSilk the Cleaver (Hill Orc Fighter)           Turns: 11842, Time: 00:26:59

Health: -10/94     AC: 12    Str: 24    XL:     10   Next: 26%
Magic:  13/13      EV:  7    Int: 14    God:    Beogh [***...]
Gold:   100        SH:  4    Dex: 10    Spells: 9/9 levels left

rFire   . . .      SeeInvis .   a - +0 war axe (drain)
rCold   + . .      Faith    .   c - +0 buckler
rNeg    . . .      Spirit   .   w - +1 plate armour {rC+}
rPois   .          Reflect  .   (no helmet)
rElec   .          Harm     .   g - +0 cloak
rCorr   .          Rampage  .   (no gloves)
Will    +....                   (no boots)
Stlth   ..........              (no amulet)
HPRegen 0.25/turn               o - +6 ring of intelligence
MPRegen 0.13/turn               y - ring of willpower

@: lethally poisoned (-10 -> -13), corroded, slowed, studying Short Blades, very
slow
A: no striking features
a: Renounce Religion, Smiting


You were on level 8 of the Dungeon.
You worshipped Beogh.
Beogh was most pleased with you.
You visited 1 branch of the dungeon, and saw 8 of its levels.

You collected 485 gold pieces.
You spent 385 gold pieces at shops.

Inventory:

Hand Weapons
 a - a +0 war axe of draining (weapon)
Missiles
 k - 3 curare-tipped darts (quivered)
 p - 13 poisoned darts
Armour
 b - a +0 scale mail
 c - a +0 buckler (worn)
 f - a +0 ring mail
 g - a +0 cloak (worn)
 r - a +2 leather armour of fire resistance
 w - a +1 plate armour of cold resistance (worn)
Jewellery
 i - the ring "Facutil" {Fly rPois rF- Str+3 Int+3}
   (You found it on level 4 of the Dungeon)

   [ring of flight]

   Str:       It affects your strength (+3).
   Int:       It affects your intelligence (+3).
   rF:        It makes you vulnerable to fire.
   rPois:     It protects you from poison.
   Fly:       It grants you flight.
 o - a +6 ring of intelligence (left hand)
 x - a ring of flight
 y - a ring of willpower (right hand)
Wands
 e - a wand of charming (9)
 v - a wand of iceblast (9)
Scrolls
 s - 3 scrolls of identify
 A - a scroll of magic mapping
Potions
 d - a potion of might
 h - 3 potions of haste
 l - 4 potions of brilliance
 m - a potion of cancellation {unknown}
 n - 6 potions of curing
 q - 2 potions of flight {unknown}
 t - 3 potions of ambrosia {unknown}
 u - 3 potions of attraction {unknown}
 z - a potion of degeneration {unknown}


   Skills:
 + Level 10.4 Fighting
 + Level 10.9 Axes
 + Level 9.6 Armour
 - Level 3.4 Shields
 - Level 4.1 Invocations


You had 9 spell levels left.
You didn't know any spells.
Your spell library contained the following spells:

 Spells                   Type           Power      Damage    Failure   Level
 Sting                    Tmut/Pois      0%         1d3       99%         1
 Blink                    Tloc           0%         N/A       100%        2
 Poisonous Vapours        Pois/Air       0%         N/A       100%        2
 Lesser Beckoning         Tloc           0%         N/A       100%        3
 Olgreb's Toxic Radiance  Pois           0%         N/A       100%        4
 Manifold Assault         Tloc           0%         N/A       100%        5


Dungeon Overview and Level Annotations

Branches:
Dungeon (8/15)             Temple (0/1) D:5
   Lair: D:8-11

Altars:
Ashenzari
Dithmenos
Fedhas
Hepliaklqana
Nemelex Xobeh
Sif Muna
Uskayaw
The Shining One

Shops:
D:1 *((

Annotations:
D:8 Erica


Message History

The bolt of acid hits you but does no damage.
Something hits you but does no damage.
You slash something! Something hits you. Something burns you.
You barely miss something. Something completely misses you.
Something hits you but does no damage.
You hit something.
You hear a zap.
A bolt of acid appears from out of thin air!
The bolt of acid hits you! The acid corrodes you!
You hit something but do no damage. Something hits you. Something burns you.
Something hits you! Something burns you.
You hit something.
You hear some strange, mumbled words.
A bolt of poison appears from out of thin air!
The bolt of poison hits you!!
You are poisoned.
* * * LOW HITPOINT WARNING * * *
You feel much better.
You feel very sick.
You hear a zap.
A bolt of acid appears from out of thin air!
The bolt of acid hits you!
* * * LOW HITPOINT WARNING * * *
Something hits you but does no damage.
Okay, then.
Okay, then.
You slash something!
You feel very sick. Something hits you but does no damage.
You slash something!
You feel very sick. Something hits you!
* * * LOW HITPOINT WARNING * * *
Something burns you.
* * * LOW HITPOINT WARNING * * *
Something hits you but does no damage.
You barely miss something.
* * * LOW HITPOINT WARNING * * *
You feel sick. Something hits you!
You die...

......#######...................
####.............##+##'####.....
.................#........#... .
≈≈≈≈.............#.......)# .....
...≈.............+......))# .....
##.≈.............#........#......
...≈.............#........#......
.#.≈.............#'########......
.#.≈.....#######@{.....).........
##.≈.....#....)#.................
...≈.....'.....'.................
≈≈≈......##...##.................
.....######################.$....
.....'....'....# ......
.....#....#.[..# ......
####.#.......### ..$...
...#.#..###### ....


There were no monsters in sight!

Vanquished Creatures
  8 yaks
  2 wyverns
  A steam dragon (D:7)
  Edmund (D:5)
  2 water moccasins (D:6)
  A black bear (D:6)
  A sky beast (D:6)
  3 orc warriors
  An ice beast (D:6)
  2 ogres
  A centaur (D:6)
  Blork the orc (D:5)
  2 phantoms (D:5)
  A bullfrog (D:6)
  A necrophage (D:7)
  A scorpion (D:6)
  4 wights (D:8)
  2 howler monkeys (D:6)
  A crimson imp (D:5)
  A jelly (D:8)
  A gnoll bouda (D:8)
  An orc priest (D:5)
  2 hounds (D:5)
  2 iguanas (D:6)
  7 orc wizards
  8 gnolls
  3 adders
  A shadow imp (D:7)
  5 white imps
  2 ufetubi
  2 worms
  8 dart slugs
  25 orcs
  6 bats
  4 endoplasms
  12 hobgoblins
  13 jackals
  5 kobolds
  6 quokkas
  7 ball pythons
  4 frilled lizards
  9 goblins
  3 goblin zombies (D:5)
  3 hobgoblin zombies (D:5)
  A kobold skeleton (D:5)
  A kobold zombie (D:5)
  3 orc skeletons (D:5)
  2 rats (D:3)
  A spectral hobgoblin (D:6)
184 creatures vanquished.

Vanquished Creatures (collateral kills)
  An orc wizard (D:8)
1 creature vanquished.

Vanquished Creatures (others)
  6 orcs
  2 plants (D:5)
8 creatures vanquished.

Grand Total: 193 creatures vanquished

Notes
Turn   | Place    | Note
-------+----------+-------------------------------------------
     0 | D:1      | FrostSilk the Hill Orc Fighter began the quest for the Orb.
     0 | D:1      | Reached XP level 1. HP: 19/19 MP: 1/1
    45 | D:1      | Found Ifitaut's Antique Weapon Emporium.
   205 | D:1      | Found Saoqirgh's Weapon Emporium.
   336 | D:1      | Reached XP level 2. HP: 26/27 MP: 2/2
   836 | D:1      | Found Zepsiv's General Store.
   848 | D:1      | Reached XP level 3. HP: 28/33 MP: 3/3
  1543 | D:2      | Found a faded altar of an unknown god.
  1939 | D:2      | Reached XP level 4. HP: 23/41 MP: 4/4
  2514 | D:3      | Found a blossoming altar of Fedhas.
  2678 | D:3      | Found a sparkling altar of Nemelex Xobeh.
  2732 | D:3      | Reached XP level 5. HP: 47/47 MP: 5/5
  2938 | D:3      | Became a worshipper of Beogh the Brigand
  3655 | D:4      | Reached skill level 5 in Fighting
  3825 | D:4      | Found a hide-covered altar of Uskayaw.
  3868 | D:4      | Reached * piety under Beogh
  4017 | D:4      | Reached skill level 5 in Axes
  4377 | D:4      | Identified the ring "Facutil" {Fly rPois rF- Str+3 Int+3}
  4671 | D:5      | Entered Level 5 of the Dungeon
  4680 | D:5      | Reached XP level 6. HP: 46/56 MP: 6/6
  4764 | D:5      | Found a shadowy altar of Dithmenos.
  4774 | D:5      | You fall into a shaft and drop 2 floors!
  4812 | D:6      | Reached skill level 5 in Armour
  4814 | D:6      | Noticed a black bear
  4839 | D:5      | Found a glowing golden altar of the Shining One.
  5040 | D:5      | Found a broken altar of Ashenzari.
  5203 | D:5      | Found a staircase to the Ecumenical Temple.
  5211 | D:5      | Reached XP level 7. HP: 63/63 MP: 7/7
  5218 | D:5      | Reached ** piety under Beogh
  5367 | D:5      | Noticed Edmund
  5397 | D:5      | Killed Edmund
  5398 | D:5      | Reached skill level 1 in Invocations
  6237 | D:1      | Bought a +1 plate armour of cold resistance for 385 gold
                  | pieces
  6346 | D:6      | Reached XP level 8. HP: 71/71 MP: 8/10
  6499 | D:6      | Noticed Blork the orc
  6552 | D:5      | Killed Blork the orc
  7519 | D:6      | Reached XP level 9. HP: 76/81 MP: 12/12
  7715 | D:6      | Found a hazy altar of Hepliaklqana.
 10165 | D:8      | Reached *** piety under Beogh
 10410 | D:8      | Found a shimmering blue altar of Sif Muna.
 10699 | D:8      | Reached skill level 10 in Axes
 10704 | D:8      | Reached skill level 10 in Fighting
 10704 | D:8      | Reached XP level 10. HP: 43/93 MP: 13/13
 11814 | D:8      | Noticed Erica
 11841 | D:8      | HP: 2/94 [something (4)]
 11842 | D:8      | Mangled by Erica

Illustrated notes

Levels and vault maps discovered:
D:1:      saegor_arrival_under_anarchy, layout_loops_corners, serial_shops,
          nicolae_shop_crystal, nicolae_shop_hallway_stairs, shop,
          minmay_small_reverse_x
D:2:      layout_rooms, shapermc_ecumenical_altar_totnotflames
D:3:      layout_basic, fedhas_altar_4, nemelex_dance_club_becter
D:4:      layout_basic, nicolae_uskayaw_murder_on_the_dancefloor
D:5:      layout_gridville, nicolae_overflow_hidden_temple,
          nicolae_overflow_crystal_walls, nicolae_tso_besieged_by_evil,
          minmay_temple_entry_gardened_gates, uniq_edmund
D:6:      layout_rooms, nicolae_hepliaklqana_monster_ancestors,
          minmay_manual_monstrance, uniq_blork_the_orc
D:7:      layout_cave_pools
D:8:      layout_gridville, mainiacjoe_overflow_brackets,
          kennysheep_generic_room_9, uniq_erica

Skill      XL: |  1  2  3  4  5  6  7  8  9 |
---------------+----------------------------+-----
Axes           | 3 4 5 6 8 10 | 10.9
Fighting       | 4 5 6 8 10 | 10.4
Armour         | 4 5 6 7 9 |  9.6
Invocations    | 2 4 |  4.1
Shields        | |  3.4

Action                   |  1- 3 |  4- 6 |  7- 9 | 10-12 || total
-------------------------+-------+-------+-------+-------++-------
Melee: War axe           |   113 |   202 |   251 |    45 ||   611
Invok: Convert to Beogh  |       |     1 |       |       ||     1
  Use: Scroll            |     1 |     8 |     3 |       ||    12
       Potion            |       |       |       |     1 ||     1
Armor: Scale mail        |    53 |   128 |    20 |       ||   201
       Plate armour      |       |       |   140 |    35 ||   175
Dodge: Dodged            |    38 |   114 |    78 |    17 ||   247
Block: Buckler           |    19 |    67 |    57 |     7 ||   150
